 Dungeon Crawl Stone Soup version 0.23-a0-612-gcb482e9 (webtiles) character file.

25 MisterFreud the Changer (level 3, 0/26 HPs)
             Began as a Human Wanderer on Dec 21, 2018.
             Slain by an adder (1 damage)
             ... on level 1 of the Dungeon.
             The game lasted 00:02:41 (1730 turns).

MisterFreud the Changer (Human Wanderer)            Turns: 1730, Time: 00:02:43

Health: 0/26       AC:  2    Str: 13    XL:     3   Next: 17%
Magic:  6/6        EV: 11    Int: 10    God:
Gold:   29         SH:  0    Dex: 14    Spells: 5/6 levels left

rFire    . . .     SeeInvis .   e - +0 dagger
rCold    . . .     Gourm    .   (no shield)
rNeg     . . .     Faith    .   d - +0 robe
rPois    .         Spirit   .   (no helmet)
rElec    .         Reflect  .   (no cloak)
rCorr    .         Harm     .   (no gloves)
MR       .....                  (no boots)
Stlth    ++........             (no amulet)
HPRegen  0.08/turn              (no ring)
MPRegen  0.10/turn              (no ring)

@: lethally poisoned (0 -> -16)
A: no striking features
a: no special abilities


You were on level 1 of the Dungeon.
You were hungry.

You visited 1 branch of the dungeon, and saw 2 of its levels.

You collected 29 gold pieces.

Inventory:

Hand Weapons
 e - a +0 dagger (weapon)
Missiles
 b - 16 arrows
 g - 27 stones (quivered)
Armour
 d - a +0 robe (worn)
Scrolls
 h - a scroll of remove curse {unknown}
 j - a scroll of enchant armour {unknown}
 k - a scroll of teleportation {unknown}
Comestibles
 f - 4 rations


   Skills:
 - Level 1.0 Fighting
   Level 2.0 Maces & Flails
 - Level 1.0 Stealth
 + Level 2.5 Unarmed Combat
 - Level 2.0 Spellcasting
 - Level 3.0 Transmutations
   Level 1.0 Evocations


You had 5 spell levels left.
You knew the following spells:

 Your Spells              Type           Power        Failure   Level  Hunger
a - Beastly Appendage     Tmut           #.....       9%          1    ##.....

Your spell library contained the following spells:

 Spells                   Type           Power        Failure   Level  Hunger
 Sticks to Snakes         Tmut           #.......     14%         2    ###....
 Ensorcelled Hibernation  Hex/Ice        #.....       43%         2    ###....
 Throw Frost              Conj/Ice       #.....       43%         2    ###....
 Spider Form              Tmut/Pois      #.........   45%         3    ####...
 Ice Form                 Ice/Tmut       #.......     86%         4    #####..
 Blade Hands              Tmut           #.........   94%         5    ######.


Dungeon Overview and Level Annotations

Branches:
Dungeon (2/15)

Altars:


Message History

You are poisoned.
The adder poisons you!
You feel sick.
You feel sick. The adder barely misses you.
It was a potion of cancellation.
You feel magically purged.
You feel sick. The adder bites you.
* * * LOW HITPOINT WARNING * * *
You are more poisoned.
The adder poisons you!
You hit the adder.
The adder is moderately wounded.
The adder bites you but does no damage.
You hit the adder but do no damage.
The adder is moderately wounded.
* * * LOW HITPOINT WARNING * * *
You feel sick. The adder bites you.
* * * LOW HITPOINT WARNING * * *
You are more poisoned.
The adder poisons you! The adder bites you.
You die...

#.........# #..## #.#######.#
##.#.######### #.# #.#
##............# #.#
#####.###.....#######.#
##.###............## #.#
........##.###...>.# #.#
##.###..##.# ##...## #.#
##.........# ##S## #.#
######.>#### #@# #.# # #.....#
#.# #####.##### # #.###.# ##'##
#.........# ###.###.# ##...##
#.###.###.# ........#
##รท....###.# #.# #.# ###.##.##
##.......##.###.###.#
###.#...####.........#.##......#
...........+.........+.......#.#
###.#...####.........#.##...##.#


You could see an adder.

Vanquished Creatures
  An ooze (D:1)
  A giant cockroach (D:1)
  4 goblins (D:1)
  4 hobgoblins (D:1)
  3 kobolds
  2 bats (D:1)
  A frilled lizard (D:1)
  5 rats (D:1)
21 creatures vanquished.

Notes
Turn   | Place    | Note
-------+----------+-------------------------------------------
     0 | D:1      | MisterFreud the Human Wanderer began the quest for the Orb.
     0 | D:1      | MisterFreud set off with the following items: a potion of
                  | curing, a +0 robe, a +0 dagger, a ration; and the following
                  | spell memorised: Beastly Appendage; and the following
                  | spells available to memorise: Sticks to Snakes, Ensorcelled
                  | Hibernation, Throw Frost, Spider Form, Ice Form, Blade
                  | Hands
     0 | D:1      | Reached XP level 1. HP: 15/15 MP: 3/3
    51 | D:1      | Reached skill level 1 in Unarmed Combat
   244 | D:1      | Reached XP level 2. HP: 12/21 MP: 5/5
   764 | D:1      | HP: 1/21 [bat (1)]
   776 | D:1      | HP: 1/21 [bat (1)]
  1104 | D:1      | Reached XP level 3. HP: 14/26 MP: 6/6
  1730 | D:1      | HP: 1/26 [adder (2)]
  1730 | D:1      | Slain by an adder

Vault maps used:
D:1:      shiori_arrival_oz, eino_curves_03, nrook_uturn
D:2:      dancing_weapons_uskayaw

Skill      XL: |  1  2 |
---------------+-------+-----
Unarmed Combat | 1 2 |  2.5
Fighting       | |  1.0
Maces & Flails | |  2.0
Stealth        | |  1.0
Spellcasting   | |  2.0
Transmutations | |  3.0
Evocations     | |  1.0

Action                   || total
-------------------------++-------
Melee: Dagger            ||   114
  Use: Potion            ||     2
 Stab: Sleeping          ||     4
  Eat: Chunk             ||     2
Armor: Robe              ||    26
Dodge: Dodged            ||    93

Table legend:
 A = Non-vault XP
 B = Vault XP
 C = Vault XP percentage of total XP
 D = Non-vault monster count
 E = Vault monster count
 F = Vault count percentage of total count
                 A         B        C        D         E       F
            +---------+---------+-------+---------+---------+-------
      Total |      32 |       4 |  11.1 |      19 |       2 |   9.5
            +---------+---------+-------+---------+---------+-------
        D:1 |      31 |       4 |  11.4 |      18 |       2 |  10.0
        D:2 |       1 |       0 |   0.0 |       1 |       0 |   0.0
            +---------+---------+-------+---------+---------+-------
